 Dungeon Crawl Stone Soup version 0.25.1-9-gc5326a611f (webtiles) character file.

Game seed: 8873455918534117321

113 Clowwww the Grave Robber (level 4, -8/24 HPs)
             Began as a Deep Elf Necromancer on Dec 30, 2020.
             Killed from afar by an orc wizard (9 damage)
             ... with a magic dart
             ... on level 2 of the Dungeon.
             The game lasted 00:06:01 (3218 turns).

Clowwww the Grave Robber (Deep Elf Necromancer)     Turns: 3218, Time: 00:06:02

Health: -8/24      AC:  3    Str:  5    XL:     4   Next: 65%
Magic:  0/12       EV: 13    Int: 21    God:
Gold:   206        SH:  0    Dex: 21    Spells: 4/12 levels left

rFire    . . .     SeeInvis .   j - -1 whip (curse)
rCold    . . .     Gourm    .   (no shield)
rNeg     . . .     Faith    .   a - +0 robe
rPois    .         Spirit   .   (no helmet)
rElec    .         Reflect  .   (no cloak)
rCorr    .         Harm     .   p - +0 pair of gloves
MR       .....                  (no boots)
Stlth    +++.......             (no amulet)
HPRegen  0.08/turn              h - +6 ring of dexterity
MPRegen  0.13/turn              (no ring)

@: no status effects
A: no striking features
a: no special abilities


You were on level 2 of the Dungeon.
You were not hungry.

You visited 1 branch of the dungeon, and saw 3 of its levels.

You collected 206 gold pieces.

Inventory:

Hand Weapons
 j - a cursed -1 whip (weapon)
Missiles
 i - 7 boomerangs (quivered)
Armour
 a - a +0 robe (worn)
 p - a +0 pair of gloves (worn)
Jewellery
 h - a +6 ring of dexterity (left hand)
Scrolls
 d - a scroll of random uselessness {unknown}
 f - a scroll of enchant weapon {unknown}
 k - a scroll of identify {unknown}
 n - a scroll of fog {unknown}
 s - a scroll of immolation {unknown}
 u - 2 scrolls of teleportation {unknown}
 v - a scroll of remove curse {unknown}
Potions
 b - 2 potions of brilliance {unknown}
 e - a potion of stabbing {unknown}
 g - a potion of lignification {unknown}
 l - a potion of curing {unknown}
 m - a potion of invisibility {unknown}
 o - a potion of heal wounds {unknown}
 q - a potion of mutation {unknown}
 r - a potion of ambrosia {unknown}
 t - a potion of cancellation {unknown}
Comestibles
 c - 4 rations


   Skills:
 + Level 2.5 Dodging
 + Level 2.7 Stealth
 + Level 4.9 Spellcasting
 + Level 6.2 Necromancy


You had 4 spell levels left.
You knew the following spells:

 Your Spells              Type           Power        Failure   Level  Hunger
a - Pain                  Necr           ####         1%          1    None
b - Vampiric Draining     Necr           ####......   2%          3    ##.....
c - Animate Dead          Necr           N/A          9%          4    ####...

Your spell library contained the following spells:

 Spells                   Type           Power        Failure   Level  Hunger
 Animate Skeleton         Necr           N/A          1%          1    None
 Agony                    Necr           ####....     24%         5    #####..


Dungeon Overview and Level Annotations

Branches:
Dungeon (3/15)

Altars:
Makhleb
Uskayaw
Zin

Annotations:
D:2 Jessica


Message History

You kill the orc!
The orc wizard hits you but does no damage.
Casting: Pain (safe; 1% risk of failure)
Confirm with . or Enter, or press ? or * to list all spells.
Aiming: Pain (safe; 1% risk of failure)
Press: ? - help, Shift-Dir - straight line, f - orc wizard
Aim: an orc wizard, wielding a +0 dagger of flaming and wearing a +0 robe (chance to defeat MR: 84%)
The orc wizard writhes in agony.
Your bat zombie closely misses the orc wizard.
Your bat zombie barely misses the orc wizard.
The orc wizard closely misses you.
Your bat zombie completely misses the orc wizard.
Your bat zombie barely misses the orc wizard.
Your bat zombie hits the orc wizard but does no damage.
Your bat zombie barely misses the orc wizard.
Your bat zombie barely misses the orc wizard.
Your bat zombie misses the orc wizard.
The orc wizard points at you and mumbles some strange words.
The magic dart hits you!
You die...

#..##.# #......... #######
#........ #
#########.........
###......##.....##+##
.##.#....##......#
###......##....Z.#
#......##....o.# #
#....#.##.####.#'#####
#......##....#@)......
#####..####..###......##
.####'(####..#..........
.#.##..#.#...#.#.)....##
.............#.#......#
####.####....#.#.######
##.....##....#.#.#
#.......#....#.#.#########
######
#.......#......#..........
......


You could see an orc wizard and a friendly bat zombie.

Vanquished Creatures
  5 adders
  2 worms (D:2)
  3 dart slugs (D:1)
  2 leopard geckos (D:1)
  3 orcs (D:2)
  6 bats
  A giant cockroach (D:1)
  6 goblins
  3 hobgoblins
  10 kobolds
  A quokka (D:2)
  6 frilled lizards
  6 rats
54 creatures vanquished.

Notes
Turn   | Place    | Note
-------+----------+-------------------------------------------
     0 | D:1      | Clowwww the Deep Elf Necromancer began the quest for the
                  | Orb.
     0 | D:1      | Reached XP level 1. HP: 10/10 MP: 6/6
   109 | D:1      | Reached skill level 5 in Necromancy
   566 | D:1      | Reached XP level 2. HP: 15/15 MP: 6/8
  1090 | D:1      | Reached XP level 3. HP: 10/19 MP: 5/10
  1273 | D:1      | Learned a level 3 spell: Vampiric Draining
  1645 | D:2      | Found a hide-covered altar of Uskayaw.
  2110 | D:3      | Reached XP level 4. HP: 21/24 MP: 6/12
  2150 | D:3      | Learned a level 4 spell: Animate Dead
  2590 | D:2      | You fall into a shaft and drop 1 floor!
  2674 | D:2      | Found a burning altar of Makhleb.
  2674 | D:2      | Found a glowing silver altar of Zin.
  2675 | D:2      | Noticed an angel
  2675 | D:2      | Noticed a balrug
  2820 | D:2      | Reached skill level 6 in Necromancy
  3205 | D:2      | Noticed Jessica
  3218 | D:2      | Killed from afar by an orc wizard

Illustrated notes

Levels and vault maps discovered:
D:1:      matt_arrival_spirals, layout_basic
D:2:      layout_basic, grunt_temple_overflow_order_and_chaos_2,
          old_standard_altar, first_ration, kennysheep_generic_room_7,
          uniq_jessica
D:3:      layout_basic, chequers_serial_rivers_small_a, uniq_terence

Skill      XL: |  1  2  3  4 |
---------------+-------------+-----
Necromancy     | 5 6 |  6.2
Spellcasting   | 4 |  4.9
Dodging        | |  2.5
Stealth        | |  2.7

Action                   |  1- 3 |  4- 6 || total
-------------------------+-------+-------++-------
 Cast: Pain              |    59 |    37 ||    96
       Animate Dead      |       |     1 ||     1
  Eat: Chunk             |     3 |     4 ||     7
Armor: Robe              |     1 |     3 ||     4
Dodge: Dodged            |     6 |     2 ||     8
